 Dungeon Crawl Stone Soup version 0.20.1-1-g8b1a95d (webtiles) character file.

98 Irenicus the Chopper (level 4, 0/40 HPs)
             Began as a Deep Dwarf Monk on Oct 27, 2017.
             Slain by t3hbunneh's ghost (16 damage)
             ... on level 4 of the Dungeon.
             The game lasted 00:03:28 (2449 turns).

Irenicus the Chopper (Deep Dwarf Monk)              Turns: 2449, Time: 00:03:29

Health: 0/40       AC:  3    Str: 14    XL:     4   Next: 44%
Magic:  3/3        EV: 13    Int: 11    God:
Gold:   158        SH:  0    Dex: 16    Spells: 3/3 levels left

rFire    . . .     SeeInvis .   a - +0 hand axe
rCold    . . .     Gourm    .   (no shield)
rNeg     . . .     Faith    .   q - +0 leather armour
rPois    .         Spirit   .   (no helmet)
rElec    .         Reflect  .   (no cloak)
rCorr    .         Harm     .   (no gloves)
MR       .....                  (no boots)
Stlth    ++........             (no amulet)
Regen    0.0/turn               (no ring)
MPRegen  0.1/turn               (no ring)

@: non-regenerating
A: damage resistance, heal wounds, sense surroundings 1, no regeneration
a: Heal Wounds


You were on level 4 of the Dungeon.
You were hungry.

You visited 1 branch of the dungeon, and saw 4 of its levels.

You collected 158 gold pieces.

Inventory:

Hand Weapons
 a - a +0 hand axe (weapon)
Armour
 b - a +0 robe
 q - a +0 leather armour (worn)
Scrolls
 f - 2 scrolls of immolation {unknown}
 h - 6 scrolls of amnesia {unknown}
 i - a scroll of magic mapping {unknown}
 k - 4 scrolls of identify {unknown}
 n - 2 scrolls of remove curse {unknown}
 o - 2 scrolls of recharging {unknown}
 r - a scroll of fog {unknown}
 u - a scroll of enchant armour {unknown}
Potions
 d - a potion of agility {unknown}
 e - a potion of mutation {unknown}
 j - 2 potions of flight {unknown}
 l - 5 potions of curing {unknown}
 m - a potion of berserk rage {unknown}
 p - 2 potions of lignification {unknown}
 s - a potion of invisibility {unknown}
Books
 t - a book of Ice

   Spells                             Type                      Level
   a - Ice Form                       Ice/Transmutation            4
   b - Metabolic Englaciation         Hexes/Ice                    5
   c - Ozocubu's Refrigeration        Ice                          6
   d - Bolt of Cold                   Conjuration/Ice              6
   e - Freezing Cloud                 Conjuration/Ice/Air          6
   f - Simulacrum                     Ice/Necromancy               6
Comestibles
 c - 3 bread rations
 g - a royal jelly
 v - 4 fruits


   Skills:
 - Level 2.6 Fighting
 + Level 5.8 Axes
 - Level 3.2 Dodging
 - Level 2.4 Stealth


You had 3 spell levels left.
You didn't know any spells.

Dungeon Overview and Level Annotations

Branches:
Dungeon (4/15)
 Temple: D:4-7

Altars:

Annotations:
D:4 t3hbunneh's ghost, amateur DsFi


Innate Abilities, Weirdness & Mutations

You are resistant to damage.
You can heal yourself by infusing magical energy.
You passively map a small area around you.
You do not regenerate.


Message History

The worker ant bites you!
You hit the worker ant but do no damage.
The worker ant is almost dead.
The worker ant bites you but does no damage.
You slash the worker ant!
You kill the worker ant!
u - a scroll labeled YSOUNUI BIRYECH
v - 4 fruits You now have 158 gold pieces (gained 10).
You see here 16 stones.
You are no longer poisoned.
Found a stone staircase leading down.
Found 10 poisoned needles.
T3hbunneh's ghost (amateur Demonspawn Fighter) comes into view.
T3hbunneh's ghost is nearby!
T3hbunneh's ghost is nearby!
You hit t3hbunneh's ghost.
T3hbunneh's ghost is lightly damaged.
T3hbunneh's ghost hits you!
You die...

* ,* * , , , , ..,
#. , .#* #. .., ,
, #.###.#* *
#...!.#
,###.....### *
#.'...W...# ** **,
,#.#...@# ., , ,
#.##.#.#* #.
,#.##.#.# , ...
#.##.#.# ,
#...#######..#.#.#
..............>#.#
######.#####.#...#
* #.# #.#.### , *
#.# #.#.# *


You could see t3hbunneh's ghost.

Vanquished Creatures
  A worker ant (D:4)
  3 adders
  A worm (D:2)
  A leopard gecko (D:2)
  An orc (D:3)
  9 bats
  2 giant cockroaches (D:2)
  4 hobgoblins
  2 jackals (D:2)
  4 frilled lizards
  6 goblins
  8 kobolds
  A quokka skeleton (D:4)
  5 rats
48 creatures vanquished.

Notes
Turn   | Place    | Note
-------+----------+-------------------------------------------
     0 | D:1      | Irenicus the Deep Dwarf Monk began the quest for the Orb.
     0 | D:1      | Reached XP level 1. HP: 20/20 MP: 1/1
   300 | D:1      | Reached skill level 4 in Axes
   300 | D:1      | Reached XP level 2. HP: 22/27 MP: 2/2
   952 | D:2      | Reached XP level 3. HP: 30/33 MP: 2/2
  1212 | D:2      | Reached skill level 5 in Axes
  1925 | D:3      | Reached XP level 4. HP: 13/40 MP: 3/3
  2445 | D:4      | Noticed t3hbunneh's ghost (amateur DsFi)
  2449 | D:4      | Slain by t3hbunneh's ghost

Skill      XL: |  1  2  3 |
---------------+----------+-----
Axes           | 4 5 |  5.8
Fighting       | |  2.6
Dodging        | |  3.2
Stealth        | |  2.4

Action                   |  1- 3 |  4- 6 || total
-------------------------+-------+-------++-------
Melee: Hand axe          |   143 |    35 ||   178
 Abil: Heal Wounds       |     1 |     1 ||     2
 Stab: Sleeping          |     7 |     2 ||     9
  Eat: Chunk             |     3 |     1 ||     4
Armor: Robe              |    17 |       ||    17
       Leather armour    |    20 |     2 ||    22
Dodge: Dodged            |   108 |    23 ||   131
